 Dungeon Crawl Stone Soup version 0.28-a0-1504-g839a4452db (webtiles) character file.

Game seed: 2022141958608670399

4375 Destapler the Fighter (level 10, -5/75 (80) HPs)
             Began as a Demonspawn Venom Mage on Jan 13, 2022.
             Was a Follower of Sif Muna.
             Slain by an orc warrior (10 damage)
             ... on level 8 of the Dungeon.
             The game lasted 00:37:25 (11260 turns).

Destapler the Fighter (Demonspawn Venom Mage)      Turns: 11260, Time: 00:37:25

HP:   -5/75 (80)    AC:  7    Str:  9    XL:     10   Next: 13%
MP:   14/14         EV: 14    Int: 18    God:    Sif Muna [*.....]
Gold: 406           SH:  6    Dex: 22    Spells: 11/15 levels left

rFire   + . .      SeeInvis .   a - +8 flail of the Thieving Stork {pain, rElec rN+}
rCold   . . .      Faith    .   p - +0 buckler
rNeg    + . .      Spirit   .   n - +0 robe
rPois   .          Reflect  .   s - +1 helmet
rElec   +          Harm     .   q - +1 cloak
rCorr   .          Rampage  .   (no gloves)
Will    .....                   (no boots)
Stlth   +++.......              (no amulet)
HPRegen 0.22/turn               k - +6 ring of dexterity
MPRegen 0.14/turn               l - ring of protection from fire

@: drained
A: demonic guardian 1, sharp scales 1, weakness stinger 2
a: Renounce Religion, Channel Magic


You were on level 8 of the Dungeon.
You worshipped Sif Muna.
Sif Muna was aware of your devotion.
You visited 2 branches of the dungeon, and saw 10 of its levels.

You collected 406 gold pieces.

Inventory:

Hand Weapons
 a - the +8 flail of the Thieving Stork (weapon) {pain, rElec rN+}
   (You found it on level 2 of the Dungeon)

   In the hands of one skilled in necromantic magic, it inflicts extra damage on
   living creatures.
   rElec:     It insulates you from electricity.
   rN:        It protects you from negative energy.
 b - a +2 vorpal whip
Missiles
 r - 4 boomerangs of dispersal
Armour
 c - the +2 cloak of Starshine {Fly rC- Will- rCorr}
   (You found it on level 6 of the Dungeon)

   rC:        It makes you vulnerable to cold.
   Fly:       It grants you flight.
   rCorr:     It protects you from acid and corrosion.
   Will:      It decreases your willpower.
 n - a +0 robe (worn)
 p - a +0 buckler (worn)
 q - a +1 cloak (worn)
 s - a +1 helmet (worn)
Jewellery
 k - a +6 ring of dexterity (left hand)
 l - a ring of protection from fire (right hand)
 y - a ring of resist corrosion
Wands
 t - a wand of acid (5)
 x - a wand of iceblast (14)
 F - a wand of polymorph (10)
Scrolls
 d - 5 scrolls of teleportation {unknown}
 f - 5 scrolls of identify {unknown}
 h - 2 scrolls of enchant armour {unknown}
 i - a scroll of vulnerability {unknown}
 j - 2 scrolls of amnesia
 m - a scroll of silence {unknown}
 B - 2 scrolls of immolation
 H - 3 scrolls of blinking {unknown}
Potions
 e - a potion of brilliance {unknown}
 g - a potion of ambrosia {unknown}
 o - 2 potions of might {unknown}
 u - 3 potions of curing {unknown}
 v - 2 potions of haste {unknown}
 w - a potion of invisibility {unknown}
 C - 2 potions of lignification {unknown}
 D - a potion of magic {unknown}


   Skills:
 - Level 8.0 Fighting
 + Level 4.3 Maces & Flails
 + Level 2.6 Throwing
 + Level 2.6 Armour
 + Level 3.5 Dodging
 - Level 3.0 Stealth
 - Level 4.0 Shields
 + Level 3.1 Spellcasting
 - Level 1.0 Conjurations
 + Level 5.2 Necromancy
 - Level 1.0 Transmutations
 - Level 1.0 Air Magic
 - Level 4.0 Poison Magic
 + Level 4.5 Invocations
 - Level 3.0 Evocations


You had 11 spell levels left.
You knew the following spells:

 Your Spells              Type           Power      Damage    Failure   Level
a - Sting                 Tmut/Pois      44%        1d5       8%          1
b - Vampiric Draining     Necr           21%        2d7       7%          3

Your spell library contained the following spells:

 Spells                   Type           Power      Damage    Failure   Level
 Animate Skeleton         Necr           42%        N/A       2%          1
 Pain                     Necr           84%        1d8       2%          1
 Poisonous Vapours        Pois/Air       22%        N/A       11%         2
 Freeze                   Ice            8%         1d3       21%         1
 Summon Small Mammal      Summ           8%         N/A       21%         1
 Animate Dead             Necr           10%        N/A       24%         4
 Mephitic Cloud           Conj/Pois/Air  10%        N/A       26%         3
 Olgreb's Toxic Radiance  Pois           17%        N/A       36%         4
 Call Canine Familiar     Summ           2%         N/A       52%         3
 Frozen Ramparts          Ice            4%         1d2       52%         3
 Summon Guardian Golem    Hex/Summ       2%         N/A       52%         3
 Hailstorm                Conj/Ice       4%         3d4       86%         4
 Iskenderun's Battlesphe  Conj           6%         2d6       98%         5
 Iron Shot                Conj/Erth      2%         9d2       100%        6
 Haunt                    Necr/Summ      6%         N/A       100%        7
 Spellforged Servitor     Conj/Summ      2%         N/A       100%        7
 Infestation              Necr           10%        N/A       100%        8


Dungeon Overview and Level Annotations

Branches:
Dungeon (9/15)             Temple (1/1) D:5            Lair (0/6) D:8
    Orc: D:9-12

Altars:
Ashenzari
Cheibriados
Dithmenos
Elyvilon
Fedhas
Gozag
Hepliaklqana
Kikubaaqudgha
Makhleb
Nemelex Xobeh
Okawaru
Qazlal
Ru
Sif Muna
Trog
Uskayaw
Vehumet
Wu Jian
Xom
Yredelemnul
Zin
The Shining One

Shops:
D:2 ?   D:8 (

Annotations:
D:9 Maggie


Innate Abilities, Weirdness & Mutations

A weak demonic guardian rushes to your aid.
You are partially covered in razor-sharp scales. (AC +1, Slay +1)
You have a tail ending in a sharp stinger.


Message History

The orc warrior closely misses you. You block something's attack.
The orc barely misses you.
You closely miss something. The orc warrior barely misses you.
Something hits you.
* * * LOW HITPOINT WARNING * * *
You block the orc's attack.
You hear some strange, mumbled words.
A puff of flame appears from out of thin air!
The puff of flame hits you. You resist.
* * * LOW HITPOINT WARNING * * *
The orc misses you.
Unknown command.
You sock something! Sif Muna accepts your kill.
Reactivating autopickup.
You feel a bit more experienced.
The orc warrior hits you but does no damage.
The orc hits you but does no damage.
The orc warrior hits you with a +0 hand axe.
* * * LOW HITPOINT WARNING * * *
Training target 3.0 for Evocations reached!
Your Evocations skill increases to level 3!
The orc closely misses you. The orc warrior closely misses you.
There is a stone staircase leading up here.
Things that are here:
a +0 dagger; a +0 robe; an orc corpse The orc hits you from afar with a +0 trident.
* * * LOW HITPOINT WARNING * * *
The orc warrior hits you with a +0 hand axe!
* * * LOW HITPOINT WARNING * * *
A demonic guardian appears!
You climb upwards.
There is a stone staircase leading down here.
Okay, then.
As you read the scroll labelled NIWANK AC ASAU, it crumbles to dust.
It is a scroll of amnesia.
Really abort (and waste the scroll)?
Okay, then.
The orc warrior hits you with a +0 hand axe!
You die...

############
#..@o......#
#......)...#
#..........#
#..........#
#..........#########
#............<......
#...........########
##...................
##.>.........#########


You could see an orc warrior.

Vanquished Creatures
  Pikel (D:6)
  2 kobold demonologists (D:7)
  A wraith (D:9)
  Menkaure (D:6)
  2 ice beasts
  2 sky beasts (D:7)
  An ogre (D:5)
  2 centaurs (D:8)
  4 lemures (D:6)
  A phantom (D:6)
  Blork the orc (D:6)
  2 kobold brigands (D:7)
  3 bullfrogs
  A gnoll sergeant (D:4)
  6 scorpions
  A water moccasin skeleton (D:5)
  4 wights (D:9)
  3 howler monkeys (D:8)
  2 centaur zombies (D:8)
  2 gnoll shamans
  2 hounds
  A bullfrog skeleton (D:7)
  An iguana (D:6)
  2 orc wizards
  A killer bee zombie (D:8)
  A hound skeleton (D:5)
  2 howler monkey zombies (D:9)
  9 gnolls
  3 howler monkey skeletons
  5 adders
  A shadow imp (Temple)
  A white imp (D:6)
  An ufetubus (D:3)
  2 adder skeletons (D:4)
  3 worms
  2 dart slugs
  23 orcs
  6 ball pythons
  9 endoplasms
  7 giant cockroaches
  2 goblins (D:2)
  5 hobgoblins
  15 kobolds
  2 quokkas
  2 bats
  4 frilled lizards
  3 rats
  A butterfly (D:6)
158 creatures vanquished.

Vanquished Creatures (collateral kills)
  A two-headed ogre (D:6)
  A scorpion (D:6)
  An iguana (D:4)
  2 gnolls (D:4)
  A white imp (D:7)
  An orc (D:9)
  A giant cockroach (D:6)
8 creatures vanquished.

Vanquished Creatures (others)
  A plant (D:2)
1 creature vanquished.

Grand Total: 167 creatures vanquished

Notes
Turn   | Place    | Note
-------+----------+-------------------------------------------
     0 | D:1      | Destapler the Demonspawn Venom Mage began the quest for the
                  | Orb.
     0 | D:1      | Reached XP level 1. HP: 13/13 MP: 3/3
   472 | D:1      | Reached skill level 1 in Transmutations
   546 | D:1      | Gained mutation: You have a small tail. [demonic ancestry]
   546 | D:1      | Reached XP level 2. HP: 19/19 MP: 1/5
  1071 | D:2      | Found Woce's Magic Scroll Emporium.
  1122 | D:2      | Identified the +8 flail of the Thieving Stork {pain, rElec
                  | rN+}
  1258 | D:2      | You fall into a shaft and drop 1 floor!
  1365 | D:2      | Gained mutation: You are partially covered in razor-sharp
                  | scales. (AC +1, Slay +1) [demonic ancestry]
  1365 | D:2      | Reached XP level 3. HP: 7/25 MP: 1/6
  2114 | D:2      | Reached skill level 1 in Shields
  2739 | D:3      | Reached XP level 4. HP: 31/31 MP: 7/7
  3019 | D:3      | Reached skill level 1 in Fighting
  3350 | D:3      | Reached skill level 1 in Invocations
  3683 | D:3      | Reached skill level 1 in Conjurations
  3858 | D:3      | Gained mutation: A weak demonic guardian rushes to your
                  | aid. [demonic ancestry]
  3858 | D:3      | Reached XP level 5. HP: 37/37 MP: 6/8
  4070 | D:4      | Reached skill level 1 in Maces & Flails
  4070 | D:4      | Reached skill level 1 in Air Magic
  4077 | D:4      | Reached skill level 1 in Necromancy
  4929 | D:4      | Reached XP level 6. HP: 19/43 MP: 6/10
  5420 | D:5      | Entered Level 5 of the Dungeon
  5574 | D:5      | Reached XP level 7. HP: 48/48 MP: 11/11
  5706 | D:5      | Found a staircase to the Ecumenical Temple.
  5716 | Temple   | Entered the Ecumenical Temple
  5985 | Temple   | Learned a level 3 spell: Vampiric Draining
  6419 | D:6      | Noticed Blork the orc
  6428 | D:6      | Killed Blork the orc
  6930 | D:6      | Noticed Pikel
  6964 | D:6      | Killed Pikel
  6965 | D:6      | Reached skill level 4 in Fighting
  6965 | D:6      | Gained mutation: You have a tail ending in a sharp stinger.
                  | [demonic ancestry]
  6965 | D:6      | Reached XP level 8. HP: 44/61 MP: 8/12
  7149 | D:6      | Noticed a two-headed ogre
  7155 | D:6      | Killed a two-headed ogre
  7156 | D:6      | Reached skill level 7 in Fighting
  7564 | Temple   | Became a worshipper of Sif Muna the Loreminder
  7716 | D:6      | Identified the +2 cloak of Starshine {Fly rC- Will- rCorr}
  7799 | D:6      | Found a runed translucent door.
  7806 | D:6      | Found a runed translucent door.
  7813 | D:6      | Reached XP level 9. HP: 65/72 MP: 13/13
  8137 | D:6      | Noticed Menkaure
  8147 | D:6      | Killed Menkaure
  8148 | D:6      | Reached skill level 1 in Armour
  8148 | D:6      | Reached skill level 1 in Evocations
  8160 | D:6      | Reached skill level 1 in Throwing
  8995 | D:7      | Found a snail-covered altar of Cheibriados.
  9322 | D:7      | Noticed a kobold demonologist
  9327 | D:7      | Killed a kobold demonologist
  9342 | D:7      | Noticed a kobold demonologist
  9347 | D:7      | Noticed a sixfirhy
  9354 | D:7      | Killed a kobold demonologist
  9355 | D:7      | Reached skill level 8 in Fighting
  9827 | D:7      | Found a hide-covered altar of Uskayaw.
  9828 | D:7      | Found a bloodstained altar of Trog.
  9828 | D:7      | Found a blossoming altar of Fedhas.
  9913 | D:8      | Reached * piety under Sif Muna
  9914 | D:8      | Reached skill level 5 in Necromancy
 10134 | D:8      | Found a staircase to the Lair.
 10189 | D:8      | Reached XP level 10. HP: 40/80 MP: 12/14
 10478 | D:8      | Found Ohudghurph's Weapon Shop.
 10707 | D:9      | Noticed Maggie
 11260 | D:8      | Slain by an orc warrior

Illustrated notes

Levels and vault maps discovered:
D:1:      scummos_arrival_hexagon, layout_basic
D:2:      layout_basic, serial_shops, nicolae_shop_advertising_works
          [nicolae_subvault_shop_adworks], serial_forest,
          infiniplex_forest_end_2, infiniplex_forest_straight_3,
          infiniplex_forest_zigzag_1, infiniplex_forest_end_2,
          infiniplex_forest_straight_4, grunt_ministairs_5
D:3:      layout_rooms
D:4:      layout_loops_cross
D:5:      layout_basic, minmay_temple_entry_glass, minmay_holes
D:6:      lemuel_insect_pit, layout_loops_corners,
          amcnicky_mini_rare_corridor_liquid, supply_closet_lemuel,
          grunt_ministairs_7, uniq_blork_the_orc, uniq_pikel, uniq_menkaure
D:7:      layout_loops_corners, mainiacjoe_overflow_alcove_3,
          kennysheep_crisscross
D:8:      layout_rooms, lair_entry_dummy, serial_shops, nicolae_stop_n_shop_1
D:9:      layout_roguey, uniq_maggie
Temple:   dpeg_five_rooms_temple

Skill      XL: |  1  2  3  4  5  6  7  8  9 10 |
---------------+-------------------------------+-----
Transmutations | 1 |  1.0
Dodging        | 2 3 |  3.5
Stealth        | 2 3 |  3.0
Shields        | 1 2 3 4 |  4.0
Fighting       | 1 4 7 8 |  8.0
Invocations    | 1 2 4 |  4.5
Conjurations   | 1 |  1.0
Maces & Flails | 1 2 3 4 |  4.3
Air Magic      | 1 |  1.0
Necromancy     | 1 2 4 5 |  5.2
Spellcasting   | 3 |  3.1
Poison Magic   | 4 |  4.0
Armour         | 2 |  2.6
Evocations     | 2 3 |  3.0
Throwing       | 2 |  2.6

Action                   |  1- 3 |  4- 6 |  7- 9 | 10-12 || total
-------------------------+-------+-------+-------+-------++-------
Melee: Mace              |     3 |       |       |       ||     3
       Whip              |     2 |       |       |       ||     2
       Flail             |    38 |    88 |   171 |    51 ||   348
       Tailslap          |     7 |    11 |    18 |     9 ||    45
 Cast: Sting             |    52 |    61 |    46 |    16 ||   175
  Use: Scroll            |       |     1 |     5 |     1 ||     7
       Potion            |       |     1 |       |     1 ||     2
 Stab: Sleeping          |       |     1 |     1 |       ||     2
Armor: Robe              |    14 |    25 |    81 |    21 ||   141
Dodge: Dodged            |    44 |    74 |   132 |    35 ||   285
Block: Buckler           |     5 |    29 |    66 |    26 ||   126

Table legend: (Time is in decaauts)
 A = Elapsed time spent in this place.
 B = Non-inter-level travel time spent in this place.
 C = Inter-level travel time spent in this place.
 D = Time resting spent in this place.
 E = Time spent auto-exploring this place.
 F = Levels seen in this place.
 G = Mean time per level.
                   A        B        C        D        E       F      G
               +--------+--------+--------+--------+--------+-----+--------+
         Total |  11387 |  10705 |    682 |   1450 |   7676 |  10 | 1138.7 |
       Dungeon |  10926 |  10433 |    493 |   1450 |   7428 |   9 | 1214.0 |
        Temple |    460 |    271 |    189 |      0 |    248 |   1 |  460.0 |
               +--------+--------+--------+--------+--------+-----+--------+

Top non-repeatable levels by time:
     D:6: 2311 daAuts
     D:2: 2150 daAuts
     D:4: 1424 daAuts
     D:7: 1193 daAuts
     D:1: 1059 daAuts
     D:3: 839 daAuts
     D:8: 835 daAuts
     D:5: 559 daAuts
     D:9: 553 daAuts
  Temple: 460 daAuts
